 Dungeon Crawl Stone Soup version 0.28.0 (webtiles) character file.

Game seed: 3733478672034211357

86 Sanktem7 the Poker (level 4, 0/41 HPs)
             Began as a Minotaur Berserker on Feb 8, 2022.
             Was a Believer of Trog.
             Succumbed to Crazy Yiuf's poison
             ... on level 2 of the Dungeon.
             The game lasted 00:03:52 (2622 turns).

Sanktem7 the Poker (Minotaur Berserker)             Turns: 2622, Time: 00:03:53

Health: 0/41       AC:  2    Str: 24    XL:     4   Next: 27%
Magic:  3/3        EV: 12    Int:  4    God:    Trog [**....]
Gold:   53         SH:  0    Dex:  9    Spells: 3/3 levels left

rFire   . . .      SeeInvis .   a - +0 spear
rCold   . . .      Faith    +   (no shield)
rNeg    . . .      Spirit   .   b - +0 animal skin
rPois   .          Reflect  .   (helmet restricted)
rElec   .          Harm     .   (no cloak)
rCorr   .          Rampage  .   (no gloves)
Will    .....                   (no boots)
Stlth   +.........              g - amulet of faith
HPRegen 0.13/turn               (no ring)
MPRegen 0.08/turn               (no ring)

@: lethally poisoned (0 -> -12)
A: horns 2, retaliatory headbutt
a: Renounce Religion, Berserk, Trog's Hand


You were on level 2 of the Dungeon.
You worshipped Trog.
Trog was pleased with you.
You visited 1 branch of the dungeon, and saw 2 of its levels.

You collected 53 gold pieces.

Inventory:

Hand Weapons
 a - a +0 spear (weapon)
Armour
 b - a +0 animal skin (worn)
Jewellery
 g - an amulet of faith (around neck)
Scrolls
 c - 2 scrolls of enchant weapon {unknown}
 d - a scroll of identify {unknown}
 f - 2 scrolls of enchant armour {unknown}
 h - a scroll of vulnerability {unknown}
Potions
 e - a potion of haste {unknown}
 i - a potion of curing {unknown}


   Skills:
 + Level 4.4 Fighting
 + Level 4.9 Polearms
 + Level 2.6 Armour
 + Level 2.9 Dodging
 + Level 0.4 Stealth


You had 3 spell levels left.
You didn't know any spells.
Your spell library was empty.

Dungeon Overview and Level Annotations

Branches:
Dungeon (2/15)

Altars:

Annotations:
D:2 Crazy Yiuf


Innate Abilities, Weirdness & Mutations

You have a pair of horns on your head.
You reflexively headbutt those who attack you in melee.


Message History

You hit the ball python.
The ball python is heavily wounded.
The ball python bites you. The ball python constricts you.
You barely miss the ball python.
You headbutt the ball python, but do no damage.
The ball python is heavily wounded.
The ball python barely misses you. The ball python constricts you.
You puncture the ball python!
You kill the ball python!
Trog accepts your kill.
You see here a ball python corpse.
There is an open door here.
There is an open door here.
There is an open door here.
Crazy Yiuf shouts!
Crazy Yiuf grits, "Line seventy unthinkable!"
You open the door. You barely miss Crazy Yiuf. You headbutt Crazy Yiuf!
Crazy Yiuf is heavily wounded.
Crazy Yiuf grits, "Rot!"
Crazy Yiuf drinks a potion.
Crazy Yiuf is healed!
You hit Crazy Yiuf.
Crazy Yiuf is lightly wounded.
Crazy Yiuf hits you with a +2 quarterstaff of chaos!
You hit Crazy Yiuf but do no damage. Your headbutt misses Crazy Yiuf.
Crazy Yiuf is lightly wounded.
Crazy Yiuf hits you with a +2 quarterstaff of chaos!
Crazy Yiuf burns you.
You closely miss Crazy Yiuf.
Crazy Yiuf is lightly wounded.
Crazy Yiuf hits you with a +2 quarterstaff of chaos!
Crazy Yiuf burns you.
Crazy Yiuf whimpers, "Seed forty-two sanguine!"
You closely miss Crazy Yiuf.
Crazy Yiuf is lightly wounded.
Crazy Yiuf says, "I'm not crazy!"
Crazy Yiuf hits you with a +2 quarterstaff of chaos!
* * * LOW HITPOINT WARNING * * *
You are lethally poisoned!
You die...

#.# #.##.....####...##
##.##### ##'######## ##.##
.......# ##...## #.# ##.###.#
##.....## ####.#
#...#..#####.......## ##.##.#
#.>.......#.......(.####...#.#
################....').......#
# #....####...#.#### #
♣♣♣♣♣##@..## ##.#...... # ###
♣♣♣.♣..g...## ##...###. #
#...#♣..♣..♣....# #.#.###.
#...'.♣♣♣♣......# #.......
#)..#♣♣ ♣♣....## ##.##### ###
♣♣###### #.# #...# #.# #.#.#
#.# ### ###...# #.#


You could see Crazy Yiuf.

Vanquished Creatures
  2 adders (D:2)
  A worm (D:2)
  4 endoplasms
  A giant cockroach (D:2)
  5 goblins (D:1)
  8 hobgoblins
  11 jackals
  6 kobolds
  A quokka (D:1)
  8 ball pythons
  4 bats
  4 frilled lizards
  3 rats
58 creatures vanquished.

Notes
Turn   | Place    | Note
-------+----------+-------------------------------------------
     0 | D:1      | Sanktem7 the Minotaur Berserker began the quest for the
                  | Orb.
     0 | D:1      | Reached XP level 1. HP: 19/19 MP: 0/0
    61 | D:1      | Reached XP level 2. HP: 15/27 MP: 1/1
   742 | D:1      | Reached XP level 3. HP: 25/33 MP: 2/2
   892 | D:1      | Reached ** piety under Trog
  1235 | D:2      | Found a faded altar of an unknown god.
  1438 | D:2      | Identified the -5 helmet of Glamorous Salvation {rN+ rCorr
                  | Dex+2}
  1837 | D:2      | Reached XP level 4. HP: 39/41 MP: 3/3
  2284 | D:2      | Found a runed translucent door.
  2285 | D:2      | Noticed Crazy Yiuf
  2622 | D:2      | Succumbed to Crazy Yiuf's poison

Illustrated notes

Levels and vault maps discovered:
D:1:      ncdulo_watergridlock, layout_rooms
D:2:      layout_loops_corners, ebering_ecumenical_altar_box, serial_glass,
          glass_columns_a, glass_columns_b, glass_columns_c, glass_columns_a,
          uniq_crazy_yiuf_cottage

Skill      XL: |  1  2 |
---------------+-------+-----
Fighting       | 4 |  4.4
Polearms       | 4 |  4.9
Armour         | |  2.6
Dodging        | |  2.9
Stealth        | |  0.4

Action                   |  1- 3 |  4- 6 || total
-------------------------+-------+-------++-------
Melee: Spear             |   111 |    34 ||   145
       Headbutt          |    10 |     7 ||    17
Armor: Animal skin       |    27 |     2 ||    29
Dodge: Dodged            |    73 |    20 ||    93
